[Event "Titled Tuesday Blitz April 11 Early 2023"]
[White "Ginzburg, Yakov"]
[Black "Dzagnidze, Nana"]
[WhiteFideId "4157176"]
[BlackFideId "13601903"]
[WhiteElo "2305"]
[BlackElo "2406"]
[Result "1-0"]
[Round "06"]
[TimeControl "180+2"]
[Date "2023.04.11"]
[WhiteClock "0:00:01"]
[BlackClock "0:00:01"]

1. e4 c6 2. d4 d5 3. Nc3 dxe4 4. Nxe4 Nf6 5. Nxf6+ exf6 6. Bc4 Bd6 7. Ne2 O-O 8. O-O a5 9. Ng3 Qc7 10. Qh5 a4 11. Bd3 g6 12. Qh6 f5 13. Nxf5 Bxf5 14. Bxf5 Ra5 15. Bg4 f5 16. Bf3 f4 17. Bd2 Raf5 18. Bg4 Nd7 19. Rfe1 R5f6 20. Be6+ Kh8 21. Bc3 f3 22. Bxd7 Qxd7 23. d5 cxd5 24. Re3 Bc5 25. Bxf6+ Rxf6 26. Rxf3 Rxf3 27. gxf3 Qe6 28. Kf1 Qa6+ 29. Kg1 Qe2 30. Rf1 Qxf3 31. Qg5 b6 32. Qg3 Qe2 33. Kg2 Kg8 34. b3 Qxc2 35. Re1 axb3 36. axb3 Qf5 37. Re5 Qf7 38. Qf3 Qxf3+ 39. Kxf3 d4 40. Ke4 Kf7 41. f4 Kf6 42. Rd5 Ke6 43. h4 Kf6 44. h5 1-0


[Site "https://www.chess.com"]

[Event "Titled Tuesday Blitz April 11 Early 2023"]
[White "Iskusnyh, Sergei"]
[Black "Dominguez Pons, Eric"]
[WhiteFideId "4120027"]
[BlackFideId "2262916"]
[WhiteElo "2492"]
[BlackElo "2302"]
[Result "1-0"]
[Round "06"]
[TimeControl "180+2"]
[Date "2023.04.11"]
[WhiteClock "0:00:10"]
[BlackClock "0:00:13"]

1. d4 e6 2. c4 Bb4+ 3. Bd2 a5 4. g3 f5 5. Bg2 Nf6 6. Nf3 O-O 7. O-O d5 8. Bf4 Be7 9. Qc2 c6 10. Nbd2 Nbd7 11. cxd5 cxd5 12. Rac1 Ne4 13. Ne5 Nxe5 14. Bxe5 Bd7 15. Nxe4 fxe4 16. f3 Bg5 17. f4 Be7 18. Qc7 Bb5 19. Kf2 Bc6 20. Bh3 Bd7 21. Qxb7 Bf6 22. Rc7 Bxe5 23. dxe5 Rb8 24. Qa7 Ra8 25. Rxd7 Rxa7 26. Bxe6+ Kh8 27. Rxd8 Rxd8 28. Rd1 d4 29. Bf5 e3+ 30. Kf3 Rb7 31. b3 a4 32. bxa4 Rb4 33. e6 g6 34. Bd3 Kg7 35. Rc1 Rb7 36. a5 Kf6 37. a6 Rb2 38. Rc6 Rxa2 39. g4 Ke7 40. f5 gxf5 41. gxf5 Ra3 42. Ke4 Kf6 43. Rc7 Rf8 44. h4 h6 45. Kxd4 Rxd3+ 46. Kxd3 Kxf5 47. e7 Ra8 48. a7 Ke6 49. Kxe3 Kf7 50. Rb7 Re8 51. Kf3 h5 52. e4 Kg7 53. Rb8 Rxe7 54. a8=Q Rf7+ 55. Ke3 Kh7 56. Rb7 Rg7 57. Rxg7+ Kh6 58. Kf4 Kxg7 59. Kf5 1-0


[Site "https://www.chess.com"]

[Event "Titled Tuesday Blitz April 11 Early 2023"]
[White "Petrov, Martin"]
[Black "Grot, Blazej"]
[WhiteFideId "2911086"]
[BlackFideId "21835845"]
[WhiteElo "2430"]
[BlackElo "1823"]
[Result "1/2-1/2"]
[Round "06"]
[TimeControl "180+2"]
[Date "2023.04.11"]
[WhiteClock "0:00:35"]
[BlackClock "0:01:21"]

1. e4 c5 2. Nc3 e6 3. Nge2 Nc6 4. g3 Nf6 5. Bg2 d5 6. exd5 exd5 7. d4 Bg4 8. h3 Be6 9. O-O cxd4 10. Nxd4 Qd7 11. Bg5 Be7 12. Nxe6 fxe6 13. Re1 O-O 14. Qe2 Nd4 15. Qd3 Nc6 16. Qe2 Nd4 17. Qd3 Nc6 18. Rad1 Rae8 19. h4 Kh8 20. Bh3 Bc5 21. Be3 d4 22. Na4 Ne5 23. Nxc5 Qd5 24. Bg2 Nxd3 1/2-1/2


[Site "https://www.chess.com"]

[Event "Titled Tuesday Blitz April 11 Early 2023"]
[White "Tregubov, Pavel V."]
[Black "Vovk, Orest"]
[WhiteFideId "4115341"]
[BlackFideId "14113490"]
[WhiteElo "2425"]
[BlackElo "2215"]
[Result "0-1"]
[Round "06"]
[TimeControl "180+2"]
[Date "2023.04.11"]
[WhiteClock "0:00:02"]
[BlackClock "0:00:02"]

1. e4 g5 2. d4 h6 3. h4 g4 4. h5 d5 5. e5 c5 6. Be2 Nc6 7. Bxg4 Bxg4 8. Qxg4 Nxd4 9. Qd1 Qc7 10. f4 e6 11. c3 Nf5 12. Rh3 O-O-O 13. g4 Nfe7 14. Na3 a6 15. Ne2 f6 16. Qa4 Bg7 17. Be3 fxe5 18. O-O-O d4 19. Bd2 e4 20. cxd4 cxd4+ 21. Kb1 Kb8 22. Ba5 Qd7 23. Qb3 Rc8 24. Nxd4 Bxd4 25. Bc3 Nc6 26. Nc2 e5 27. fxe5 Qxg4 28. Nxd4 Qxh3 29. Nxc6+ Rxc6 30. e6 Rxc3 31. bxc3 Nf6 32. e7 Qc8 33. Qf7 Nd7 34. Qf4+ Ka8 35. Qxe4 Re8 36. Qe6 Kb8 37. Qd6+ Ka8 38. Qxd7 Qxd7 39. Rxd7 Ka7 40. Kc2 Kb6 41. Kd3 Kc6 42. Rd4 Rxe7 43. Rg4 Re6 44. Rg6 Kd5 45. Rg7 b5 46. Rd7+ Kc6 47. Rg7 Rd6+ 48. Ke4 Kc5 49. Rc7+ Kb6 50. Rg7 Ka5 51. Rg6 Rd2 52. Rxh6 Rxa2 53. Rg6 Rc2 54. h6 Rxc3 55. h7 Rh3 56. Rg7 b4 57. Kf4 b3 58. Kg4 Rh1 59. Rg5+ Ka4 60. Rh5 Rg1+ 61. Kf3 Rf1+ 62. Ke2 Rf8 63. h8=Q Rxh8 64. Rxh8 Ka3 65. Kd2 a5 66. Kc3 a4 67. Rb8 Ka2 68. Rb7 Ka3 0-1


[Site "https://www.chess.com"]

[Event "Titled Tuesday Blitz April 11 Early 2023"]
[White "Rangel, Daniel"]
[Black "Vysochin, Spartak"]
[WhiteFideId "2124475"]
[BlackFideId "14103516"]
[WhiteElo "2256"]
[BlackElo "2367"]
[Result "0-1"]
[Round "06"]
[TimeControl "180+2"]
[Date "2023.04.11"]
[WhiteClock "0:00:15"]
[BlackClock "0:01:16"]

1. c4 e5 2. g3 c6 3. Bg2 d5 4. cxd5 cxd5 5. Nf3 e4 6. Nd4 Qb6 7. Nc2 Nf6 8. O-O Nc6 9. Nc3 Bg4 10. d3 O-O-O 11. dxe4 dxe4 12. Qe1 h5 13. Ne3 h4 14. Nxg4 Nxg4 15. Bh3 f5 16. Bxg4 fxg4 17. Nxe4 hxg3 18. hxg3 Bb4 19. Bd2 Qd4 20. Bxb4 Qxe4 0-1


[Site "https://www.chess.com"]

[Event "Titled Tuesday Blitz April 11 Early 2023"]
[White "polandchessplayer"]
[Black "Toncheva, Nadya"]
[BlackFideId "2924056"]
[WhiteElo "2656"]
[BlackElo "2101"]
[Result "1/2-1/2"]
[Round "06"]
[TimeControl "180+2"]
[Date "2023.04.11"]
[WhiteClock "0:00:08"]
[BlackClock "0:00:05"]

1. c4 c6 2. Nf3 Nf6 3. d4 d5 4. g3 dxc4 5. Bg2 g6 6. O-O Bg7 7. a4 O-O 8. Na3 Nbd7 9. Nxc4 Nb6 10. Nxb6 Qxb6 11. e3 Be6 12. Ne5 Rfd8 13. Nd3 Nd7 14. Bd2 Bc4 15. Bc3 c5 16. Re1 cxd4 17. exd4 Bxd4 18. Bxd4 Qxd4 19. Nf4 Qxd1 20. Raxd1 e5 21. Nd5 Bxd5 22. Rxd5 Kf8 23. a5 f6 24. Rb5 Rab8 25. Bxb7 Nc5 26. Rxc5 Rxb7 27. Re2 Rbd7 28. b4 h5 29. Rc6 Kf7 30. Rb2 Rd6 31. Rc7+ R8d7 32. Rbc2 Ke6 33. Rc8 Rd2 34. R2c6+ Kf5 35. h3 R7d6 36. Rxd6 Rxd6 37. Rc7 Rd4 38. Rb7 a6 39. Rb6 g5 40. Kg2 g4 41. hxg4+ hxg4 42. Kf1 Re4 43. Kg2 Kg5 44. Rb8 f5 45. Rb6 f4 46. gxf4+ exf4 47. b5 axb5 48. Rxb5+ Kh4 49. Rb8 f3+ 50. Kh2 Ra4 51. Rh8+ Kg5 52. Ra8 Kf4 53. a6 Ra2 54. Kg1 Ra1+ 55. Kh2 Ra2 56. a7 Rxf2+ 57. Kg1 Kg3 58. Re8 Rb2 59. Kf1 Rb1+ 60. Re1 Rb2 61. a8=Q Rf2+ 62. Kg1 Rg2+ 63. Kh1 Rh2+ 64. Kg1 Rg2+ 65. Kf1 Rf2+ 66. Kg1 Rg2+ 1/2-1/2


[Site "https://www.chess.com"]

[Event "Titled Tuesday Blitz April 11 Early 2023"]
[White "Reprintsev, Alexander"]
[Black "Belozerov, Andrei"]
[WhiteFideId "14100541"]
[BlackFideId "4120213"]
[WhiteElo "2211"]
[BlackElo "2373"]
[Result "0-1"]
[Round "06"]
[TimeControl "180+2"]
[Date "2023.04.11"]
[WhiteClock "0:01:39"]
[BlackClock "0:00:57"]

1. e4 c5 2. b3 g6 3. Bb2 Nf6 4. e5 Nd5 5. Nc3 Nxc3 6. dxc3 Bg7 7. Qd5 O-O 8. O-O-O Nc6 9. Nf3 d6 10. exd6 exd6 11. Qxd6 Qa5 12. Bc4 Bxc3 13. Bxc3 Qxc3 14. Kb1 Bf5 15. Qd2 Qf6 16. Qg5 Qc3 17. Qd2 Qg7 18. Bd3 Rfd8 19. Qe3 Bxd3 20. Rxd3 Rxd3 21. Qxd3 Rd8 22. Qc4 b6 23. Re1 Qf6 24. h4 h6 25. Qe4 Kg7 26. Ne5 Nxe5 27. Qxe5 Rd1+ 28. Kb2 Rxe1 0-1


[Site "https://www.chess.com"]

[Event "Titled Tuesday Blitz April 11 Early 2023"]
[White "Petukhov, Dmitry"]
[Black "Chernobay, Artem"]
[WhiteFideId "4142748"]
[BlackFideId "4167406"]
[WhiteElo "2311"]
[BlackElo "2474"]
[Result "1-0"]
[Round "06"]
[TimeControl "180+2"]
[Date "2023.04.11"]
[WhiteClock "0:00:23"]
[BlackClock "0:00:04"]

1. e4 c5 2. c3 d5 3. exd5 Qxd5 4. d4 Bf5 5. Nf3 Nc6 6. Be3 cxd4 7. cxd4 Bxb1 8. Rxb1 e6 9. a3 Nf6 10. Be2 Be7 11. O-O O-O 12. Rc1 Rfd8 13. b4 a5 14. b5 Na7 15. Qd3 Nc8 16. Ne5 Nd6 17. Bf3 Qxb5 18. Qxb5 Nxb5 19. Bxb7 Rab8 20. Bf3 Bxa3 21. Ra1 Bb2 22. Rxa5 Bc3 23. Ra4 Rbc8 24. Nc6 Rd7 25. h3 Nd5 26. Ne5 Rdc7 27. Rb1 Nd6 28. Kh2 h6 29. Bxd5 exd5 30. Bf4 Nf5 31. Rb5 Nxd4 32. Rxd5 Ne6 33. Bg3 Bxe5 34. Rxe5 Rc2 35. Ra7 Rc1 36. Rf5 Nd8 37. Rd5 Ne6 38. Rdd7 Re1 39. Rxf7 Rc7 40. Rfxc7 1-0


[Site "https://www.chess.com"]

[Event "Titled Tuesday Blitz April 11 Early 2023"]
[White "Kvaloy, Aksel Bu"]
[Black "Maxfan2008"]
[WhiteFideId "1528815"]
[WhiteElo "2208"]
[BlackElo "2479"]
[Result "0-1"]
[Round "06"]
[TimeControl "180+2"]
[Date "2023.04.11"]
[WhiteClock "0:00:49"]
[BlackClock "0:00:24"]

1. e4 c5 2. Nf3 d6 3. d4 cxd4 4. Nxd4 Nf6 5. Nc3 a6 6. Bg5 e6 7. f4 Qb6 8. Qd2 Qxb2 9. Rb1 Qa3 10. f5 Nc6 11. fxe6 fxe6 12. Nxc6 bxc6 13. e5 dxe5 14. Bxf6 gxf6 15. Be2 Bb4 16. O-O Qxc3 17. Qh6 Be7 18. Rbd1 Bd7 19. Qg7 Qc5+ 20. Kh1 O-O-O 21. Bxa6+ Kc7 22. Rb1 Rb8 23. Rbd1 Rhg8 24. Qxh7 Rh8 25. Qd3 Rbd8 26. Rb1 Bc8 27. Qe2 Bd6 28. Rxf6 Rxh2+ 29. Kxh2 Rh8+ 30. Kg3 e4+ 31. Rf4 Qg5+ 32. Qg4 Bxf4+ 33. Kf2 Qxg4 34. Bxc8 Qg3+ 35. Ke2 Qxg2+ 36. Ke1 Rh1# 0-1


[Site "https://www.chess.com"]

[Event "Titled Tuesday Blitz April 11 Early 2023"]
[White "Megalios, Konstantinos"]
[Black "Yosha_Iglesias"]
[WhiteFideId "4238044"]
[WhiteElo "2277"]
[BlackElo "2469"]
[Result "1-0"]
[Round "06"]
[TimeControl "180+2"]
[Date "2023.04.11"]
[WhiteClock "0:00:14"]
[BlackClock "0:00:01"]

1. d4 d5 2. c4 e6 3. cxd5 exd5 4. Nc3 c6 5. Qc2 Bd6 6. Nf3 Ne7 7. Bg5 h6 8. Bh4 Bf5 9. Qxf5 Nxf5 10. Bxd8 Kxd8 11. e3 Nd7 12. Bd3 g6 13. Bxf5 gxf5 14. g3 Ke7 15. Nh4 Ke6 16. Ne2 Nf8 17. Nf4+ Bxf4 18. gxf4 Nd7 19. Ke2 Rhg8 20. Rhg1 a5 21. Rg3 a4 22. Rag1 Rxg3 23. hxg3 Ra5 24. Kd3 Rb5 25. Kc3 c5 26. Nf3 Nf6 27. Rh1 Ne4+ 28. Kc2 Nxf2 29. Rxh6+ Ke7 30. Nh4 cxd4 31. Nxf5+ Kd7 32. exd4 Rb4 33. Rd6+ Kc7 34. Rxd5 Rc4+ 35. Kd2 Kc6 36. Ne7+ Kc7 37. Nf5 Kc6 38. Rd8 b5 39. Rc8+ Kd5 40. Ne3+ Kxd4 41. Nxc4 Ne4+ 42. Ke2 bxc4 43. Rd8+ Kc5 44. g4 c3 45. Rc8+ Kd4 46. bxc3+ Nxc3+ 47. Kd2 Nd5 48. Rd8 Ke4 49. Rxd5 Kxd5 50. Ke3 a3 51. g5 Kc4 52. f5 Kc3 53. g6 fxg6 54. fxg6 Kb2 55. g7 Kxa2 56. g8=Q+ Kb1 57. Qb8+ Ka1 58. Qe5+ Kb1 59. Qb5+ Ka1 60. Qf1+ Kb2 61. Qe2+ Ka1 62. Qd1+ Kb2 63. Qd2+ Kb1 64. Qb4+ Ka2 65. Kd2 Ka1 66. Qxa3+ Kb1 67. Qb3+ Ka1 68. Qb8 1-0


[Site "https://www.chess.com"]

[Event "Titled Tuesday Blitz April 11 Early 2023"]
[White "Leyva Rivera, Yunier"]
[Black "Souleidis, Georgios"]
[WhiteFideId "3505065"]
[BlackFideId "4206827"]
[WhiteElo "2430"]
[BlackElo "2401"]
[Result "1-0"]
[Round "06"]
[TimeControl "180+2"]
[Date "2023.04.11"]
[WhiteClock "0:00:09"]
[BlackClock "0:00:06"]

1. d4 Nf6 2. Nf3 g6 3. g3 Bg7 4. Bg2 O-O 5. O-O d6 6. b3 a5 7. a4 d5 8. c4 c6 9. Nc3 Na6 10. Ba3 Re8 11. e3 Bf5 12. Ne5 Be6 13. cxd5 Nxd5 14. Nxd5 Bxd5 15. e4 Be6 16. Rb1 Qb6 17. d5 cxd5 18. exd5 Bxe5 19. dxe6 Qxe6 20. Re1 Qf6 21. Bxb7 Ra7 22. Qf3 Qxf3 23. Bxf3 Bc3 24. Re3 Bb4 25. Bb2 Nc5 26. Rd1 Rc7 27. h4 h5 28. Kg2 Ne6 29. Bd5 Rc2 30. Ba1 Ng7 31. Be4 Rcc8 32. Rd7 Rcd8 33. Red3 Rxd7 34. Rxd7 Rc8 35. Bd4 Ne6 36. Be5 Nc5 37. Rd4 Nxe4 38. Rxe4 f6 39. Bf4 Kf7 40. Rc4 Rd8 41. Be3 Rd3 42. Bc5 Rxb3 43. Be3 Ra3 44. Bb6 Ra2 45. Kf3 Ke6 46. Re4+ Kf7 47. Bd8 e5 48. Rc4 Ke6 49. Rc6+ Kf5 50. Rxf6# 1-0


[Site "https://www.chess.com"]

[Event "Titled Tuesday Blitz April 11 Early 2023"]
[White "Darini, Pouria"]
[Black "Bochnicka, Vladimir"]
[WhiteFideId "12502200"]
[BlackFideId "14943450"]
[WhiteElo "2482"]
[BlackElo "2094"]
[Result "1-0"]
[Round "06"]
[TimeControl "180+2"]
[Date "2023.04.11"]
[WhiteClock "0:00:42"]
[BlackClock "0:00:05"]

1. d4 Nf6 2. Bg5 e6 3. Nd2 h6 4. Bh4 c5 5. e3 d5 6. c3 Be7 7. Ngf3 O-O 8. Bd3 Nc6 9. Qe2 Qc7 10. Bg3 Bd6 11. dxc5 Bxg3 12. hxg3 e5 13. e4 Be6 14. O-O Rad8 15. Rfe1 d4 16. cxd4 Nxd4 17. Nxd4 Rxd4 18. Nf3 Rd7 19. Bb5 Rdd8 20. b4 a6 21. Bc4 Bd7 22. a3 Ba4 23. Qb2 Rfe8 24. Qc3 Bc6 25. Qc2 Rd7 26. a4 Rdd8 27. b5 axb5 28. axb5 Bd7 29. Rac1 Bg4 30. Bf1 Nd7 31. c6 bxc6 32. Qxc6 Qxc6 33. bxc6 Nf8 34. c7 Rc8 35. Ba6 Bxf3 36. gxf3 Ne6 37. Bxc8 Rxc8 38. Red1 Rxc7 39. Rxc7 Nxc7 40. Rd8+ Kh7 41. Rd7 Ne6 42. Rxf7 Kg6 43. Ra7 Kf6 44. Kg2 g6 45. Ra6 Kf7 46. Kf1 g5 47. Ke2 h5 48. Ke3 h4 49. Ra7+ Kg6 50. Re7 Kf6 51. Rxe6+ Kxe6 52. gxh4 gxh4 53. f4 h3 54. f5+ Kf6 55. Kf3 Kg5 56. Kg3 1-0


[Site "https://www.chess.com"]

[Event "Titled Tuesday Blitz April 11 Early 2023"]
[White "Jumanov, Elbek"]
[Black "Mamedov, Edgar"]
[WhiteFideId "14202905"]
[BlackFideId "13739980"]
[WhiteElo "2055"]
[BlackElo "2330"]
[Result "1-0"]
[Round "06"]
[TimeControl "180+2"]
[Date "2023.04.11"]
[WhiteClock "0:00:03"]
[BlackClock "0:00:01"]

1. c4 c6 2. Nf3 d5 3. d4 Nf6 4. g3 Bf5 5. Bg2 e6 6. O-O Nbd7 7. Nc3 h6 8. b3 Be7 9. Bb2 O-O 10. Nd2 a5 11. a3 Qb6 12. e3 Qa6 13. Re1 a4 14. Nxa4 dxc4 15. Nc3 cxb3 16. Qxb3 Nb6 17. e4 Bh7 18. d5 cxd5 19. exd5 Bf5 20. dxe6 Bxe6 21. Rxe6 fxe6 22. Qxe6+ Rf7 23. Bf1 Qa5 24. Nc4 Nxc4 25. Bxc4 Rf8 26. Qxe7 Qh5 27. h4 Ng4 28. Ne4 Kh7 29. Bxf7 Rxf7 30. Qd8 Qf5 31. Qd3 Qg6 32. Rd1 Re7 33. Nc5 Qxd3 34. Nxd3 Rd7 35. Kf1 Nh2+ 36. Ke2 Re7+ 37. Kd2 Nf3+ 38. Kc3 Rc7+ 39. Kb3 Rd7 40. Kc2 Rc7+ 41. Kb1 Rd7 42. Bc3 Rc7 43. Kb2 Rd7 44. Kc2 Rc7 45. Nf4 b5 46. Kb2 Re7 47. Rd5 Re1 48. Kb3 Rb1+ 49. Kc2 Rf1 50. Rd7 Rxf2+ 51. Kb3 Kg8 52. Rxg7+ Kf8 53. Ne6+ Ke8 54. Bb4 Nd2+ 55. Kc3 Ne4+ 56. Kd4 1-0


[Site "https://www.chess.com"]

[Event "Titled Tuesday Blitz April 11 Early 2023"]
[White "Bodnaruk, Anastasia"]
[Black "Gil Alba, Hector Luis"]
[WhiteFideId "4181751"]
[BlackFideId "3504670"]
[WhiteElo "2310"]
[BlackElo "2331"]
[Result "0-1"]
[Round "06"]
[TimeControl "180+2"]
[Date "2023.04.11"]
[WhiteClock "0:00:01"]
[BlackClock "0:00:17"]

1. e4 e5 2. Nf3 Nc6 3. Bc4 Nf6 4. d3 Bc5 5. O-O O-O 6. Bg5 d6 7. Nc3 Be6 8. a4 a6 9. Qd2 Kh8 10. Nd5 Bxd5 11. exd5 Nb8 12. c3 Nbd7 13. Rae1 Ba7 14. d4 exd4 15. Nxd4 Ne5 16. Ba2 h6 17. Bh4 Ng6 18. Bg3 Nh5 19. Bb1 Nxg3 20. fxg3 Qg5 21. Qd3 Bxd4+ 22. Qxd4 Kg8 23. Rf5 Qd8 24. Ref1 Ne5 25. Qe4 g6 26. Rf6 Kg7 27. Qf4 Qe7 28. h4 h5 29. Qg5 Rae8 30. b3 Ng4 31. Bxg6 Qe3+ 32. Qxe3 Nxe3 33. R1f3 Ng4 34. Bxf7 Nxf6 35. Bxe8 Rxe8 36. Rf5 Ng4 37. Rg5+ Kf6 38. Kf1 Re5 39. Rg8 Rxd5 40. Rc8 Rc5 41. c4 d5 42. cxd5 Ke5 43. Rh8 Nf6 44. Ke2 Rxd5 45. Rf8 Ne4 46. Rf7 Rc5 47. Rh7 Nxg3+ 48. Kf2 Rc3 49. Rh6 Ne4+ 50. Ke2 Kd4 51. b4 Rc2+ 52. Kd1 Kd3 0-1


[Site "https://www.chess.com"]

[Event "Titled Tuesday Blitz April 11 Early 2023"]
[White "Marcziter, Dmitrii"]
[Black "Borgaonkar Akshay"]
[WhiteFideId "13900765"]
[BlackFideId "25639110"]
[WhiteElo "2162"]
[BlackElo "2063"]
[Result "0-1"]
[Round "06"]
[TimeControl "180+2"]
[Date "2023.04.11"]
[WhiteClock "0:00:28"]
[BlackClock "0:00:41"]

1. e4 c6 2. c4 d5 3. exd5 cxd5 4. cxd5 Nf6 5. Nc3 Nxd5 6. Qb3 e6 7. d4 Nc6 8. Nf3 Be7 9. Be2 Bf6 10. Nxd5 Qxd5 11. Qxd5 exd5 12. Be3 Bf5 13. O-O Kd7 14. Bb5 a6 15. Ba4 b5 16. Bb3 Be6 17. Rac1 Na5 18. Bd1 Nc4 19. b3 Nd6 20. Be2 Rac8 21. Ne5+ Bxe5 22. dxe5 Nf5 23. Bb6 Rc6 24. Rxc6 Kxc6 25. Ba5 Rc8 26. a4 Nd4 27. axb5+ axb5 28. Rc1+ Kb7 29. Rxc8 Bxc8 30. Bd1 Nc6 31. Bc3 Be6 32. b4 Kc7 33. f4 d4 34. Bd2 Bd5 35. Bc2 g6 36. g4 Bc4 37. Kf2 Ne7 38. f5 gxf5 39. gxf5 d3 40. f6 Ng6 41. Bb1 Nxe5 42. Bf4 Kd6 43. Ke3 Kd5 44. h3 Nc6 45. Kf3 Nxb4 46. Kg4 Ba2 47. Bd2 Bxb1 48. Bxb4 Kc4 49. Bd2 Kb3 50. Kg5 Kc2 51. Kh6 Kxd2 52. Kg7 Ke2 53. Kxf7 d2 54. Kg7 Bg6 55. f7 Bxf7 56. Kxf7 d1=Q 57. Kg7 Qd6 58. Kxh7 Kf3 59. h4 Kg4 60. h5 Kg5 61. Kh8 Kh6 62. Kg8 Qe7 63. Kh8 b4 0-1


[Site "https://www.chess.com"]

[Event "Titled Tuesday Blitz April 11 Early 2023"]
[White "Williams, Simon K"]
[Black "Liew, Chee-Meng Jimmy"]
[WhiteFideId "404454"]
[BlackFideId "5700019"]
[WhiteElo "2468"]
[BlackElo "2245"]
[Result "1-0"]
[Round "06"]
[TimeControl "180+2"]
[Date "2023.04.11"]
[WhiteClock "0:01:18"]
[BlackClock "0:01:16"]

1. e4 e6 2. d4 d5 3. e5 c5 4. c3 Nc6 5. Nf3 Qb6 6. Bd3 cxd4 7. O-O Bd7 8. Re1 a5 9. Nbd2 dxc3 10. bxc3 Bc5 11. Qe2 Nge7 12. Rb1 Qa7 13. Nb3 Bb6 14. h4 Nf5 15. Bxf5 exf5 16. Ba3 Be6 17. Nbd4 Nxd4 18. cxd4 Bxd4 19. Nxd4 Qxd4 20. Rxb7 Ra7 21. Qb5+ Kd8 22. Be7+ Kc8 23. Qc6# 1-0


[Site "https://www.chess.com"]

[Event "Titled Tuesday Blitz April 11 Early 2023"]
[White "Piesik, Piotr"]
[Black "Haub, Thorsten Michael"]
[WhiteFideId "1136194"]
[BlackFideId "4610776"]
[WhiteElo "2299"]
[BlackElo "2344"]
[Result "1-0"]
[Round "06"]
[TimeControl "180+2"]
[Date "2023.04.11"]
[WhiteClock "0:02:01"]
[BlackClock "0:02:01"]

1. Nf3 g6 2. g3 Bg7 3. d4 d6 4. Bg2 Nf6 5. O-O O-O 6. Nbd2 Nc6 7. e4 e5 8. dxe5 dxe5 9. c3 a5 10. a4 Ne8 11. Qc2 Nd6 12. Rd1 h6 13. b3 Kh7 14. Nc4 Qe7 15. Ba3 Rd8 16. Nfd2 Bf8 17. Nxd6 cxd6 18. Nc4 Qc7 19. Qd2 Be6 20. Bf1 d5 21. Bxf8 dxc4 22. Qxh6+ 1-0


[Site "https://www.chess.com"]

[Event "Titled Tuesday Blitz April 11 Early 2023"]
[White "Hadzimanolis, Antonios"]
[Black "Van Foreest, Machteld"]
[WhiteFideId "4202813"]
[BlackFideId "1051563"]
[WhiteElo "2242"]
[BlackElo "2018"]
[Result "0-1"]
[Round "06"]
[TimeControl "180+2"]
[Date "2023.04.11"]
[WhiteClock "0:00:05"]
[BlackClock "0:00:09"]

1. Nf3 Nf6 2. c4 e6 3. Nc3 d5 4. d4 Bd6 5. Bg5 c6 6. e3 b6 7. Rc1 Bb7 8. Qc2 Nbd7 9. a3 h6 10. Bh4 Rc8 11. Be2 e5 12. dxe5 Nxe5 13. cxd5 cxd5 14. Nd4 O-O 15. O-O g5 16. Bg3 Ne4 17. Nf5 Nxc3 18. Nxh6+ Kh8 19. bxc3 Qf6 20. Ng4 Nxg4 21. Bxg4 Rc4 22. Bxd6 Qxd6 23. Qf5 Bc8 24. Qxg5 Rxg4 25. Qh5+ Kg7 26. Rcd1 Rh8 27. Rxd5 Qf6 28. Qe5 Bb7 29. f3 Qxe5 30. Rxe5 Rc4 31. Re7 Bc6 32. Rxa7 Rxc3 33. e4 Rd8 34. Rc7 Rd2 35. Re1 Rcc2 36. Kh1 Kf6 37. h4 Ke6 38. e5 Kd5 39. Kh2 Rxg2+ 40. Kh3 Rgf2 41. Kg3 Rfd2 42. h5 Ke6 43. h6 Rd3 44. Kg4 Bxf3+ 45. Kg5 Rxc7 46. Rb1 Rc8 47. Rxb6+ Kxe5 48. Rb5+ Bd5 49. Rb6 Rg8+ 50. Kh4 Rd4+ 51. Kh3 Be6+ 52. Rxe6+ fxe6 53. h7 Rh8 54. Kg3 Rxh7 55. Kf3 Ra7 0-1


[Site "https://www.chess.com"]

[Event "Titled Tuesday Blitz April 11 Early 2023"]
[White "Arat, Ufuk Sezen"]
[Black "Vlassov, Nikolai"]
[WhiteFideId "6309089"]
[BlackFideId "4103360"]
[WhiteElo "2289"]
[BlackElo "2324"]
[Result "0-1"]
[Round "06"]
[TimeControl "180+2"]
[Date "2023.04.11"]
[WhiteClock "0:00:06"]
[BlackClock "0:00:11"]

1. e4 Nc6 2. Nf3 d5 3. e5 Bg4 4. d4 Bxf3 5. gxf3 e6 6. c3 Qd7 7. f4 Nce7 8. Bd3 Nh6 9. Nd2 Nef5 10. Nf3 c5 11. Be3 c4 12. Bc2 b5 13. Qe2 Be7 14. O-O O-O 15. Kh1 b4 16. cxb4 Bxb4 17. Rab1 Rfb8 18. Rg1 Bf8 19. Bd2 Rb7 20. Bc3 Rab8 21. Ng5 g6 22. Qf3 Bg7 23. Qh3 f6 24. Bxf5 exf5 25. exf6 Bf8 26. f7+ Kh8 27. Rbe1 Rb6 28. Re2 Rf6 29. Qh4 Rxf7 30. Nxf7+ Qxf7 31. Rge1 Ng4 32. f3 Nf6 33. Re6 Nh5 34. Qg5 Kg7 35. Re7 Bxe7 36. Rxe7 Re8 37. Rxf7+ Kxf7 38. Qg1 Nxf4 39. Qd1 Nd3 40. Qa4 Re2 41. Qd7+ Kf6 42. Qd6+ Kg5 43. Qg3+ Kf6 44. Qd6+ Kg5 45. Qxd5 Nf4 46. Qd8+ Kh5 47. d5 Rf2 48. Kg1 Nh3+ 49. Kh1 Nf4 50. h3 Rxf3 51. Qe7 Rxh3+ 52. Kg1 Kg4 53. Be1 Kf3 54. Bf2 Ne2+ 55. Qxe2+ Kxe2 56. Bxa7 Rd3 57. Bb8 Rxd5 58. b3 c3 59. Kg2 c2 60. Bf4 Rd4 61. b4 Rxf4 62. b5 c1=Q 63. b6 0-1


[Site "https://www.chess.com"]

[Event "Titled Tuesday Blitz April 11 Early 2023"]
[White "La Villa Rivas, Marlon Javier"]
[Black "Hua, Lefong"]
[WhiteFideId "3519546"]
[BlackFideId "2602253"]
[WhiteElo "2135"]
[BlackElo "2607"]
[Result "0-1"]
[Round "06"]
[TimeControl "180+2"]
[Date "2023.04.11"]
[WhiteClock "0:02:16"]
[BlackClock "0:01:34"]

1. e4 c5 2. Nf3 g6 3. d4 cxd4 4. Qxd4 Nf6 5. e5 Nc6 6. Qa4 Nd5 7. Qe4 Nb6 8. Bb5 Bg7 9. O-O O-O 10. Rd1 d5 11. exd6 Bf5 12. Qe2 exd6 13. Nc3 a6 14. Bd3 Re8 15. Be3 Bg4 16. h3 Nd4 17. Bxd4 Rxe2 18. Bxe2 Bxf3 19. Bxf3 Nc4 20. b3 Bxd4 21. Rxd4 Ne5 22. Bxb7 Qb6 23. Bxa8 Qxd4 0-1


[Site "https://www.chess.com"]

[Event "Titled Tuesday Blitz April 11 Early 2023"]
[White "Rose, Felix"]
[Black "Ozates, Tuna"]
[WhiteFideId "5105722"]
[BlackFideId "6354521"]
[WhiteElo "2039"]
[BlackElo "2151"]
[Result "0-1"]
[Round "06"]
[TimeControl "180+2"]
[Date "2023.04.11"]
[WhiteClock "0:00:03"]
[BlackClock "0:00:12"]

1. e4 e5 2. Nf3 Nc6 3. Bb5 a6 4. Ba4 Nge7 5. O-O g6 6. c3 Bg7 7. d4 exd4 8. Nxd4 O-O 9. Re1 b5 10. Bb3 h6 11. Nf3 d6 12. h3 Kh7 13. Nbd2 Be6 14. Bc2 Qd7 15. Nf1 Rae8 16. Ng3 f5 17. exf5 Nxf5 18. Nxf5 Bxf5 19. Rxe8 Rxe8 20. Bxf5 Qxf5 21. Be3 Na5 22. Bd4 Bf8 23. b4 Nc4 24. Nh4 Qe4 25. Qg4 Qxg4 26. hxg4 c5 27. Bf6 Re6 28. Bd8 Bg7 29. Rc1 Ne5 30. f3 Nd3 31. Rc2 Re1+ 32. Kh2 c4 33. g3 Rc1 34. Re2 Rxc3 35. Re7 Ne5 36. f4 Nxg4+ 37. Kg2 Re3 38. Rd7 c3 39. f5 c2 40. fxg6+ Kg8 0-1


[Site "https://www.chess.com"]

[Event "Titled Tuesday Blitz April 11 Early 2023"]
[White "Kucuksari, Kaan"]
[Black "De Souza, Cristiano Gomes"]
[WhiteFideId "6380166"]
[BlackFideId "2151758"]
[WhiteElo "2364"]
[BlackElo "2068"]
[Result "0-1"]
[Round "06"]
[TimeControl "180+2"]
[Date "2023.04.11"]
[WhiteClock "0:00:01"]
[BlackClock "0:00:31"]

1. e4 c5 2. Nf3 d6 3. d4 cxd4 4. Nxd4 Nf6 5. Nc3 g6 6. f3 Bg7 7. Be3 O-O 8. Qd2 Nc6 9. O-O-O d5 10. Nxc6 bxc6 11. h4 Qa5 12. Bd4 Rb8 13. h5 dxe4 14. h6 Bh8 15. Bc4 Rd8 16. Qf4 Bf5 17. fxe4 Bg4 18. e5 Qb4 19. Bb3 Bxd1 20. Rxd1 c5 21. exf6 Bxf6 22. Nd5 Rxd5 23. Bxd5 cxd4 24. Bb3 a5 25. g4 a4 26. g5 axb3 27. axb3 Bh8 28. Rf1 f6 29. Qe4 Qd6 30. Rd1 Rd8 31. Qd3 fxg5 32. Re1 e5 33. Kb1 Bf6 34. Rf1 Kf7 35. Qe4 Qe6 36. Qd3 Rd7 37. Qe4 g4 38. Rg1 d3 39. cxd3 Qxb3 40. Rg3 Qd1+ 0-1


[Site "https://www.chess.com"]